 Dungeon Crawl Stone Soup version 0.30.1-5-ged363bc7ee (webtiles) character file.

Game seed: 17174073541023598850

714 Kurtz the Cleaver (level 7, 0/40 (41) HPs)
             Began as a Tengu Fighter on Sept 19, 2023.
             Slain by a wight
             ... wielding a +2 falchion
              (1 damage)
             ... on level 5 of the Dungeon.
             The game lasted 00:02:04 (3575 turns).

Kurtz the Cleaver (Tengu Fighter)                   Turns: 3575, Time: 00:02:04

HP:   0/40 (41)     AC:  6    Str: 18    XL:     7   Next: 69%
MP:   8/8           EV: 10    Int:  9    God:
Gold: 218           SH:  4    Dex: 13    Spells: 6/6 levels left

rFire   . . .        a - +0 war axe
rCold   . . .        c - +0 buckler
rNeg    . . .        b - +0 scale mail
rPois   .            (helmet restricted)
rElec   .            (no cloak)
rCorr   .            (no gloves)
SInv    .            (boots unavailable)
Will    .....        (no amulet) Stlth
                     (no ring)
HPRegen 0.26/turn    (no ring)
MPRegen 0.11/turn

%: no passive effects
@: flying quickly and evasively, lightly drained, quick
A: beak, talons 3, nimble flight
a: no special abilities


You were on level 5 of the Dungeon.
You visited 2 branches of the dungeon, and saw 6 of its levels.

You collected 218 gold pieces.

Inventory:

Hand Weapons
 a - a +0 war axe (weapon)
Armour
 b - a +0 scale mail (worn)
 c - a +0 buckler (worn)
Jewellery
 p - a ring of positive energy
 s - a +6 ring of dexterity
Wands
 w - a wand of digging (5)
Scrolls
 e - a scroll of amnesia {unknown}
 j - 2 scrolls of identify {unknown}
 k - a scroll of noise {unknown}
 l - a scroll of immolation {unknown}
 m - 3 scrolls of silence {unknown}
 n - a scroll of enchant weapon {unknown}
 o - a scroll of butterflies {unknown}
 q - a scroll of teleportation {unknown}
 r - a scroll of fear {unknown}
 v - a scroll of enchant armour {unknown}
Potions
 d - 2 potions of might
 f - 2 potions of lignification {unknown}
 g - 3 potions of heal wounds {unknown}
 h - a potion of brilliance {unknown}
 i - 2 potions of cancellation {unknown}
 t - 3 potions of curing {unknown}
 u - a potion of mutation {unknown}


   Skills:
 - Level 3.0 Fighting
 * Level 9.3 Axes
 - Level 3.2 Armour
 - Level 3.0 Shields


You had 6 spell levels left.
You didn't know any spells.
Your spell library was empty.

Dungeon Overview and Level Annotations

Branches:
Dungeon (5/15)             Temple (1/1) D:5

Altars:
Elyvilon
Fedhas
Gozag
Hepliaklqana
Kikubaaqudgha
Makhleb
Qazlal
Ru
Sif Muna
Trog
Vehumet
Yredelemnul
Zin
The Shining One


Innate Abilities, Weirdness & Mutations

You have a beak for a mouth.
You have claws for feet.
Your magical nature lets you fly swiftly and evasively.


Message History

The black bear claws you but does no damage.
The wight hits you with a +0 morningstar.
The wight hits you from afar with a +4 spear!
You feel drained. You block the wight's attack.
The wight completely misses you. You block the black bear's attack.
The black bear barely misses you. The black bear claws you.
The wight barely misses you.
You are too injured to fight recklessly!
You are too injured to fight recklessly!
Unknown command.
You are too injured to fight recklessly!
Unknown command.
You are too injured to fight recklessly!
Unknown command.
You are too injured to fight recklessly!
You are too injured to fight recklessly!
Unknown command.
You hit the wight. Your peck misses the wight.
The wight is lightly damaged.
You slash the black bear! You hit the wight.
You destroy the wight!
The black bear bites you but does no damage.
The black bear claws you but does no damage.
The black bear barely misses you. The wight hits you with a +2 falchion.
The wight hits you from afar with a +4 spear.
* * * LOW HITPOINT WARNING * * *
Your life force feels restored.
You are too injured to fight recklessly!
You hit the wight. Your kick misses the wight.
You peck the wight, but do no damage.
The wight is moderately damaged.
You barely miss the black bear. The black bear misses you.
The black bear claws you.
* * * LOW HITPOINT WARNING * * *
The black bear claws you.
* * * LOW HITPOINT WARNING * * *
The wight hits you with a +2 falchion.
* * * LOW HITPOINT WARNING * * *
You feel drained.
You die...

#.... #........# #....
#........ ### .....
#........ ... #.###
#.......##.# #..........
#......z.# #.....)z.#
###....@#.# #.......h.#
........#....... +# #
#.#####.#.##.#.. .# # #
#.# . #..####. #
#.######....... #
#.#.#####.............# #
....................#.# #
#...####............#.####


You could see a black bear and 2 wights.

Vanquished Creatures
  4 scorpions
  2 wights (D:5)
  A howler monkey (D:3)
  A hound (D:5)
  2 jellies
  An orc priest (D:4)
  A sleepcap (D:4)
  Ijyb (D:5)
  3 gnolls (D:5)
  6 adders
  A white imp (D:5)
  2 worms
  A dart slug (D:2)
  4 orcs
  4 bats
  8 endoplasms
  6 giant cockroaches
  4 goblins
  4 hobgoblins
  6 jackals
  2 quokkas
  8 ball pythons
  A frilled lizard (D:2)
  3 kobolds (D:2)
  3 rats
79 creatures vanquished.

Notes
Turn   | Place    | Note
-------+----------+-------------------------------------------
     0 | D:1      | Kurtz the Tengu Fighter began the quest for the Orb.
     0 | D:1      | Reached XP level 1. HP: 14/14 MP: 2/2
   594 | D:1      | Reached skill level 3 in Axes
   594 | D:1      | Reached XP level 2. HP: 15/19 MP: 3/3
   975 | D:2      | Reached XP level 3. HP: 23/23 MP: 4/4
  1023 | D:2      | Reached skill level 4 in Axes
  1328 | D:3      | Reached XP level 4. HP: 28/28 MP: 5/5
  1374 | D:3      | Reached skill level 5 in Axes
  1411 | D:3      | Gained mutation: Your magical nature lets you fly swiftly
                  | and evasively. [Tengu growth]
  1411 | D:3      | Reached XP level 5. HP: 32/32 MP: 6/6
  1797 | D:4      | Reached skill level 6 in Axes
  1797 | D:4      | Found an opulent altar of Gozag.
  1927 | D:4      | Reached XP level 6. HP: 35/37 MP: 7/7
  2254 | D:4      | Reached skill level 7 in Axes
  2571 | D:5      | Entered Level 5 of the Dungeon
  2840 | D:5      | Found a staircase to the Ecumenical Temple.
  2850 | Temple   | Entered the Ecumenical Temple
  3025 | D:5      | Noticed Ijyb
  3036 | D:5      | Killed Ijyb
  3095 | D:5      | Reached skill level 8 in Axes
  3095 | D:5      | Reached XP level 7. HP: 41/41 MP: 8/8
  3573 | D:5      | Reached skill level 9 in Axes
  3575 | D:5      | HP: 1/41 [wight/+2 falchion (3)]
  3575 | D:5      | Slain by a wight

Illustrated notes

Levels and vault maps discovered:
D:1:      dpeg_arrival_chambers_temple_mockup, layout_basic
D:2:      layout_rooms
D:3:      layout_basic
D:4:      layout_loops_ring, mainiacjoe_overflow_alcove_1
D:5:      minmay_angry_zag, layout_basic, led_xom_imps,
          minmay_temple_entry_waves, uniq_ijyb, uniq_grinder
Temple:   compressed_dpeg_triangle_lava_temple

Skill      XL: |  1  2  3  4  5  6  7 |
---------------+----------------------+-----
Axes           | 3 4 5 6 8 9 |  9.3
Fighting       | |  3.0
Armour         | |  3.2
Shields        | |  3.0

Action                     |  1- 3 |  4- 6 |  7- 9 || total
---------------------------+-------+-------+-------++-------
  Melee: War axe           |    73 |    81 |    23 ||   177
         Peck              |    12 |    11 |     6 ||    29
         Kick              |    14 |    18 |     6 ||    38
 Armour: Scale mail        |    35 |    17 |    12 ||    64
  Dodge: Dodged            |    20 |    34 |    17 ||    71
  Block: Buckler           |    16 |    14 |     5 ||    35
